Map: New Gettysburg LE

Players

PtitDrogo

  • Race: Protoss Protoss

MaSa - Winner!

  • Race: Terran Terran

Event: IEM Season 11 - Shanghai

VOD

Have the link to the VOD?

Description

Time

  • Played on: July 27, 2016, 8:10 a.m.
  • Length: 7:52

All games in this series

Show
View Real Time Build Order
Export as new Build Order

PtitDrogo Protoss 

Build Orders: 1 Gate Expand 

Get SALT Encoding   

  12  0:01  Probe (Chrono Boost)  
  13  0:11  Probe (Chrono Boost)  
  14  0:18  Pylon  
  14  0:22  Probe (Chrono Boost)  
  15  0:36  Probe (Chrono Boost), Gateway  
  15  0:41  Assimilator  
  16  0:46  Probe (Chrono Boost)  
  18  0:57  Probe (Chrono Boost)  
  18  0:58  Assimilator  
  18  1:07  Probe (Chrono Boost)  
  19  1:21  Nexus  
  19  1:30  Cybernetics Core  
  19  1:34  Probe (Chrono Boost)  
  19  1:39  Assimilator  
  20  1:44  Probe (Chrono Boost)  
  21  1:49  Pylon  
  21  1:55  Probe (Chrono Boost)  
  22  2:03  Adept  
  22  2:07  Probe (Chrono Boost), Warp Gate  
  25  2:19  Probe (Chrono Boost)  
  26  2:27  Adept, Robotics Facility  
  26  2:33  Probe (Chrono Boost)  
  26  2:35  Probe (Chrono Boost)  
  31  2:45  Probe (Chrono Boost)  
  31  2:46  Mothership Core (Chrono Boost)  
  33  2:56  Adept  
  33  2:57  Probe (Chrono Boost)  
  34  3:04  Probe (Chrono Boost)  
  37  3:09  Probe (Chrono Boost)  
  37  3:10  Warp Prism  
  37  3:11  Pylon  
  38  3:16  Probe (Chrono Boost)  
  42  3:20  Probe (Chrono Boost)  
  43  3:28  Probe (Chrono Boost)  
  43  3:31  Probe (Chrono Boost)  
  44  3:35  Gateway  
  44  3:36  Gateway  
  45  3:42  Probe x2 (Chrono Boost)  
  45  3:44  Observer  
  47  3:52  Probe (Chrono Boost)  
  47  3:54  Probe (Chrono Boost)  
  49  4:03  Probe (Chrono Boost), Pylon  
  49  4:07  Probe (Chrono Boost)  
  51  4:12  Stalker  
  48  4:21  Probe (Chrono Boost)  
  39  4:34  Stalker  
  39  4:36  Probe (Chrono Boost)  
  32  4:38  Stalker x2  
  32  4:41  Probe (Chrono Boost)  
  35  4:47  Probe (Chrono Boost)  
  29  5:00  Stalker  
  31  5:11  Probe (Chrono Boost)  
  33  5:15  Probe (Chrono Boost)  
  33  5:22  Probe (Chrono Boost)  
  33  5:28  Probe (Chrono Boost)  
  35  5:32  Probe (Chrono Boost)  
  34  5:38  Stalker  
  34  5:40  Probe (Chrono Boost)  
  36  5:46  Stalker x2  
  39  6:06  Probe (Chrono Boost)  
  39  6:07  Probe (Chrono Boost)  
  41  6:16  Probe (Chrono Boost)  
  42  6:19  Probe (Chrono Boost)  
  42  6:25  Stalker  
  42  6:26  Stalker  
  42  6:27  Probe (Chrono Boost)  
  42  6:28  Stalker  
  49  6:37  Warp Prism  
  43  6:55  Stalker  
  43  6:56  Probe (Chrono Boost), Stalker  
  43  7:01  Probe (Chrono Boost)  
  43  7:14  Probe (Chrono Boost), Stalker  
  47  7:15  Probe (Chrono Boost)  
  47  7:16  Observer  
  47  7:20  Stalker  
  48  7:23  Stalker  
  48  7:27  Probe (Chrono Boost)  
  51  7:35  Probe (Chrono Boost)  
  52  7:37  Probe (Chrono Boost)  
Show
View Real Time Build Order
Export as new Build Order

MaSa Terran - Winner!

Build Orders: 1/1/1, Liberator Opening 

Get SALT Encoding   

  12  0:00  SCV  
  13  0:12  SCV  
  14  0:18  Supply Depot  
  14  0:25  SCV  
  15  0:28  Refinery  
  15  0:39  SCV  
  16  0:46  Barracks  
  16  0:51  SCV  
  17  1:03  SCV  
  18  1:15  SCV  
  19  1:33  Orbital Command, Marine, Factory  
  20  1:41  Supply Depot  
  20  1:50  Marine  
  21  1:58  SCV  
  22  2:12  Command Center  
  22  2:16  Marine  
  23  2:23  Starport  
  23  2:27  Widow Mine  
  25  2:31  SCV  
  25  2:35  Marine  
  27  2:41  Supply Depot  
  27  2:43  SCV  
  28  2:53  Marine  
  28  2:55  SCV  
  30  3:02  Medivac  
  30  3:03  Hellion  
  34  3:09  SCV  
  35  3:13  Marine  
  36  3:23  SCV  
  36  3:24  Hellion  
  36  3:25  Orbital Command  
  39  3:29  Liberator  
  39  3:35  SCV  
  40  3:44  Refinery  
  40  3:47  SCV  
  44  3:52  SCV  
  44  3:55  Widow Mine  
  47  4:02  Barracks x2  
  46  4:03  SCV  
  46  4:05  SCV  
  48  4:14  Barracks Reactor  
  48  4:15  SCV  
  45  4:35  SCV  
  42  4:46  SCV  
  40  4:53  SCV  
  40  4:57  Marine x4  
  40  4:58  Command Center, SCV  
  40  4:59  Widow Mine  
  46  5:05  SCV  
  47  5:11  SCV  
  45  5:14  Marine x2  
  45  5:17  Engineering Bay, SCV  
  45  5:20  Barracks Tech Lab  
  45  5:24  Marine  
  45  5:28  SCV  
  45  5:30  Factory Tech Lab, Refinery  
  45  5:32  SCV  
  47  5:38  Marine  
  47  5:39  Supply Depot  
  47  5:40  SCV  
  47  5:42  Marine x3  
  52  5:44  SCV  
  52  5:47  Stimpack  
  53  5:53  SCV  
  53  5:57  Marine, SCV  
  51  5:59  Marine  
  47  6:05  SCV  
  47  6:08  Marine  
  47  6:09  Barracks Tech Lab, SCV  
  50  6:12  Orbital Command  
  50  6:17  SCV  
  51  6:20  Marine x2, Medivac  
  51  6:22  SCV  
  56  6:31  Marauder  
  56  6:32  Missile Turret  
  58  6:33  SCV  
  58  6:35  Marauder  
  58  6:39  SCV  
  59  6:46  Siege Tank  
  60  6:52  SCV  
  59  6:56  SCV  
  59  6:57  SCV  
  59  6:59  Medivac  
  62  7:04  SCV  
  56  7:08  SCV  
  56  7:10  Marine, Marauder  
  56  7:13  SCV  
  58  7:18  SCV  
  58  7:22  Refinery  
  59  7:24  SCV  
  59  7:28  Marauder  
  59  7:29  SCV  
  63  7:30  SCV  
  63  7:31  Factory Reactor  
  63  7:34  Marine x2  
  66  7:37  SCV  
  69  7:44  Missile Turret  

Tags
 
Add a new tag
Caveats
  • Supply blocks, unpowered buildings, or Contaminate may cause inaccurate times.
  • Supply counts are checked every 10 seconds.